cohdb
Replays
Latest Replays
All Replays
Popular Replays
Top Player Replays
Match Explorer
How It Works
Community
CoH3 Stats
Reddit
Sign in to upload your games and track your stats! →
Sign in with Steam
Match 41217104
Unlisted
Match 41217104
Overview
Messages
Build Orders
End
Construct Section Command Post
Vickers Machine Gun Team
Selects Canadian Shock Battlegroup
Infantry Section
Infantry Section
Grenade Package
Selects Attacking Spirit
Selects Canadian Shock Section
Construct Field Infirmary
ML 3-inch Mortar Team
Infantry Section
Selects Incendiary Munitions
Canadian Shock Section
Construct Platoon Command Post
Selects Pyrotechnics
Humber Armored Car
Unlock Bishop Self-propelled Artillery
6-pounder Anti-tank Gun Team
Bishop Self-propelled Artillery
Bishop Self-propelled Artillery
qZeto
BIOHAZARD
john_wik
Gorgolo
Рубль
Von Strachwitz
Silianu
soiweg
0
0
Comments
sign in to comment!
No comments posted yet!